 Dungeon Crawl Stone Soup version 0.28-a0-305-g9e858e973b (webtiles) character file.

Game seed: 7582055156674105284

14536 dracfodder the Spear-Bearer (level 12, -15/112 HPs)
             Began as a Gargoyle Berserker on Aug 18, 2021.
             Was a High Priest of Trog.
             Demolished by a reaper (32 damage)
             ... in an ice cave on Aug 29, 2021.
             The game lasted 00:43:36 (9616 turns).

dracfodder the Spear-Bearer (Gargoyle Berserker)    Turns: 9616, Time: 00:43:37

Health: -15/112    AC: 27    Str: 37    XL:     12   Next: 17%
Magic:  0/12       EV: 12    Int:  9    God:    Trog [*****.]
Gold:   500        SH:  4    Dex:  9    Spells: 11/11 levels left

rFire   + . .      SeeInvis +   a - +7 halberd (vorpal)
rCold   + . .      Faith    .   (shield currently unavailable)
rNeg    + . .      Spirit   +   h - +2 ring mail
rPois   ∞          Reflect  .   s - +0 helmet
rElec   +          Harm     .   (no cloak)
rCorr   +          Rampage  .   (no gloves)
Will    +....                   z - +0 pair of boots
Stlth   ..........              p - amulet of guardian spirit
HPRegen 2.28/turn               d - ring "Mefehuam" {rElec Will- AC+4 Str+10 SInv}
MPRegen 0.13/turn               v - +4 ring of protection

@: berserking, resistant, strong-willed, regenerating, very quick
A: sickness immunity, AC +8, negative energy resistance 1, electricity
resistance, torment resistance 1, petrification resistance, large bone plates 1,
regeneration 1, strong 1
a: Renounce Religion, Berserk, Trog's Hand, Brothers in Arms


You were in an ice cave.
You worshipped Trog.
Trog was extremely pleased with you.
You visited 2 branches of the dungeon, and saw 11 of its levels.
You also visited: Ice Cave.

You collected 500 gold pieces.

Inventory:

Hand Weapons
 a - a +7 vorpal halberd (weapon)
 b - the +10 fustibalus of Turmoil {venom, Will+ Int-5 Dex+4 SInv}
   (You found it on level 7 of the Dungeon)

   Any ammunition fired from it poisons the flesh of those it strikes.
   Int:       It affects your intelligence (-5).
   Dex:       It affects your dexterity (+4).
   SInv:      It lets you see invisible.
   Will:      It increases your willpower.
Missiles
 c - 179 stones (quivered)
 k - 277 arrows
 l - 7 curare-tipped darts
 o - 45 sling bullets
 q - 51 poisoned darts
 r - 6 atropa-tipped darts
 C - 17 bolts
 D - a throwing net
Armour
 h - a +2 ring mail (worn)
 s - a +0 helmet (worn)
 z - a +0 pair of boots (worn)
Jewellery
 d - the ring "Mefehuam" (left hand) {rElec Will- AC+4 Str+10 SInv}
   (You acquired it on level 1 of the Dungeon)

   [ring of protection]

   AC:        It affects your AC (+4).
   Str:       It affects your strength (+10).
   rElec:     It insulates you from electricity.
   SInv:      It lets you see invisible.
   Will:      It decreases your willpower.
 p - an amulet of guardian spirit (around neck)
 v - a +4 ring of protection (right hand)
 x - a ring of protection from fire
Wands
 w - a wand of paralysis (6)
 E - a wand of flame (22)
Scrolls
 t - 6 scrolls of teleportation
 u - a scroll of torment
Potions
 e - a potion of resistance
 f - a potion of lignification
 g - a potion of might
 i - 2 potions of mutation
 j - 2 potions of curing
 m - a potion of heal wounds
 n - 2 potions of flight


   Skills:
 * Level 8.9 Fighting
 + Level 3.7 Maces & Flails
 + Level 11.6 Polearms
 + Level 8.1 Slings
 + Level 6.6 Armour
 + Level 4.2 Dodging
 + Level 2.6 Stealth
 + Level 3.4 Shields


You had 11 spell levels left.
You didn't know any spells.
Your spell library was empty.

Dungeon Overview and Level Annotations

Branches:
Dungeon (9/15)             Temple (0/1) D:5            Lair (2/6) D:8
  IceCv (1/1)
  Swamp: Lair:2-4    Shoals: Lair:2-4     Snake: Lair:2-4    Spider: Lair:2-4
    Orc: D:9-12

Altars:
Hepliaklqana

Shops:
D:2 *


Innate Abilities, Weirdness & Mutations

You are immune to sickness and miasma.
Your stone body is resilient. (AC +8)
You are immune to poison.
You resist negative energy. (rN+)
You are resistant to electric shocks. (rElec)
You are resistant to unholy torment.
You are immune to petrification.
You are partially covered in large bone plates. (SH +4)
Your natural rate of healing is unusually fast.
Your muscles are strong. (Str +2)


Message History

The reaper is moderately wounded.
The reaper hits you but does no damage.
Fire: 180 stones
Press: ? - help, Q - select action, (/) - cycle Shift-Dir - straight line, f/p - reaper
Aim: a reaper, wielding a +0 scythe of freezing, wearing a +1 robe of cold resistance and wearing a ring of ice (moderately wounded, extremely poisoned, 72% to hit)
You shoot a stone.
The stone hits the reaper but does no damage.
The reaper is moderately wounded.
The reaper hits you but does no damage.
Your skin crawls.
You feel strong-willed.
The reaper hits you from afar with a +0 scythe of freezing!!
The reaper freezes you.
* * * LOW HITPOINT WARNING * * *
You feel much better. The reaper barely misses you.
The +10 fustibalus of Turmoil {venom, Will+ Int-5 Dex+4 SInv} stops dripping with poison.
a - a +7 vorpal halberd (weapon)
You reach to attack!
You closely miss the reaper.
The reaper is heavily wounded.
You block the reaper's attack.
You reach to attack!
You hit the reaper but do no damage.
The reaper is heavily wounded.
The reaper closely misses you.
You reach to attack!
You closely miss the reaper.
The reaper is heavily wounded.
The reaper hits you from afar with a +0 scythe of freezing!!
* * * LOW HITPOINT WARNING * * *
The reaper freezes you.
* * * LOW HITPOINT WARNING * * *
You are too injured to fight recklessly!
You are too injured to fight recklessly!
A red film seems to cover your vision as you go berserk!
You feel yourself moving faster!
You feel mighty!
The reaper hits you from afar with a +0 scythe of freezing!
* * * LOW HITPOINT WARNING * * *
The reaper freezes you.
* * * LOW HITPOINT WARNING * * *
You feel a strong urge to attack something.
The reaper hits you with a +0 scythe of freezing!!
You die...

..........############§..##
........### ###§§.##
......### ######§§§###
..#.### ####....°°§## .####
#.......§○☼☼## .#
#.§..##..☼(○○°§.# ##
☼§°○##.(####☼.....# #
#........#....(..# ##
###..(@..##....... .##
##(.2...##(..... ..#
....(#.....(..... ..#
..###.(#..###.. .## ...#...
. .## ....#.... ..##
.##.(....## ...# ## ...
.### ...#


You could see a reaper (very poisoned).

Vanquished Creatures
  Harold (D:8)
  2 hydras
  2 black mambas
  2 ice statues (IceCv)
  5 cane toads
  4 komodo dragons
  A freezing wraith (IceCv)
  5 ice devils (IceCv)
  A rime drake (Lair:2)
  2 wyverns (D:8)
  A wraith (D:7)
  10 yaks
  3 basilisks
  A death yak simulacrum (IceCv)
  An acid dragon (D:8)
  5 water moccasins
  Duvessa (D:5)
  A sky beast (D:6)
  3 ogres
  An orc warrior (D:8)
  2 necrophages
  5 wolves (Lair:1)
  3 centaurs
  2 kobold brigands
  A wyvern zombie (D:8)
  9 bullfrogs
  A gnoll sergeant (D:9)
  2 cane toad simulacra (IceCv)
  A scorpion (D:6)
  A two-headed ogre simulacrum (IceCv)
  A wyvern skeleton (D:7)
  Dowan (D:5)
  2 elephant simulacra (IceCv)
  3 killer bees (D:7)
  3 wights (D:8)
  A howler monkey (D:8)
  2 centaur zombies
  3 bullfrog zombies
  2 orc priests (D:7)
  A jelly (D:8)
  A bullfrog skeleton (D:7)
  A gnoll shaman (D:8)
  A hound (D:5)
  3 iguanas
  3 centaur skeletons
  6 orc wizards
  2 polar bear simulacra (IceCv)
  A spriggan simulacrum (IceCv)
  A troll simulacrum (IceCv)
  A howler monkey zombie (D:7)
  8 gnolls
  5 adders
  5 naga simulacra (IceCv)
  2 shadow imps
  16 white imps
  2 ufetubi
  18 orcs
  6 ball pythons
  4 bats
  A bat skeleton (D:2)
  7 endoplasms
  A giant cockroach (D:2)
  6 hobgoblins
  5 jackals
  4 quokkas
  3 frilled lizards
  6 goblins
  15 kobolds
  4 rats
236 creatures vanquished.

Vanquished Creatures (others)
  3 fungi
  2 plants
5 creatures vanquished.

Grand Total: 241 creatures vanquished

Notes
Turn   | Place    | Note
-------+----------+-------------------------------------------
     0 | D:1      | dracfodder the Gargoyle Berserker began the quest for the
                  | Orb.
     0 | D:1      | Reached XP level 1. HP: 14/14 MP: 1/1
    39 | D:1      | Found a faded altar of an unknown god.
   314 | D:2      | Reached XP level 2. HP: 19/19 MP: 2/2
   447 | D:2      | Reached XP level 3. HP: 20/24 MP: 3/3
   554 | D:2      | Found Riritapt's Assorted Antiques.
   889 | D:1      | Identified 2 scrolls of acquirement
   889 | D:1      | Acquired a +0 vorpal glaive
   891 | D:1      | Acquired the ring "Mefehuam" {rElec Will- AC+4 Str+10 SInv}
  1247 | D:1      | Reached ** piety under Trog
  2317 | D:3      | Reached skill level 1 in Polearms
  2317 | D:3      | Reached XP level 4. HP: 29/29 MP: 4/4
  2825 | D:3      | Reached skill level 2 in Polearms
  3080 | D:5      | Entered Level 5 of the Dungeon
  3313 | D:4      | Noticed an ogre
  3315 | D:4      | Reached XP level 5. HP: 33/33 MP: 5/5
  3317 | D:4      | Killed an ogre
  3318 | D:4      | Reached skill level 3 in Polearms
  3318 | D:4      | Reached XP level 6. HP: 38/38 MP: 6/6
  3671 | D:5      | Noticed Duvessa
  3671 | D:5      | Noticed Dowan
  3681 | D:5      | Killed Dowan
  3682 | D:5      | Reached skill level 4 in Polearms
  3685 | D:5      | Killed Duvessa
  3993 | D:5      | Found a staircase to the Ecumenical Temple.
  4171 | D:5      | Reached *** piety under Trog
  4241 | D:5      | Reached XP level 7. HP: 37/43 MP: 7/7
  4362 | D:6      | Gained mutation: Your muscles are strong. (Str +2) [potion
                  | of mutation]
  4362 | D:6      | Gained mutation: You are partially covered in large bone
                  | plates. (SH +4) [potion of mutation]
  4362 | D:6      | Gained mutation: Your natural rate of healing is unusually
                  | fast. [potion of mutation]
  4388 | D:6      | Reached skill level 5 in Polearms
  4448 | D:6      | Reached skill level 1 in Slings
  4991 | D:6      | Reached skill level 6 in Polearms
  4991 | D:6      | Reached XP level 8. HP: 48/48 MP: 8/8
  5203 | D:6      | Identified the +4 falchion of Wyrd {pain, Fragile rN++
                  | Int+2}
  6132 | D:7      | Reached skill level 7 in Polearms
  6133 | D:7      | Paralysed by an orc for 5 turns
  6237 | D:8      | Reached skill level 1 in Shields
  6339 | D:7      | Noticed a wraith
  6348 | D:7      | Killed a wraith
  6349 | D:7      | Reached skill level 1 in Stealth
  6366 | D:7      | Reached skill level 8 in Polearms
  6366 | D:7      | Reached XP level 9. HP: 32/53 MP: 2/9
  6424 | D:7      | Reached skill level 5 in Fighting
  6530 | D:7      | Noticed a komodo dragon
  6543 | D:7      | Killed a komodo dragon
  6544 | D:7      | Reached skill level 9 in Polearms
  6544 | D:7      | Reached skill level 5 in Armour
  6576 | D:7      | Identified the +10 fustibalus of Turmoil {venom, Will+
                  | Int-5 Dex+4 SInv}
  6681 | D:7      | Reached **** piety under Trog
  7048 | D:8      | Upgraded the game from 0.28-a0-194-g42b4daccc1 to
                  | 0.28-a0-305-g9e858e973b
  7131 | D:8      | Noticed Harold
  7155 | D:8      | Killed Harold
  7156 | D:8      | Reached XP level 10. HP: 46/60 MP: 5/10
  7256 | D:8      | Found a hazy altar of Hepliaklqana.
  7665 | D:8      | Reached skill level 10 in Polearms
  7680 | D:8      | Reached skill level 5 in Slings
  7809 | D:8      | Found a staircase to the Lair.
  7815 | Lair:1   | Entered Level 1 of the Lair of Beasts
  7824 | Lair:1   | Noticed a cane toad
  7825 | Lair:1   | Noticed a black mamba
  7848 | Lair:1   | Killed a black mamba
  7869 | D:8      | Killed a cane toad
  7944 | Lair:1   | Reached XP level 11. HP: 66/66 MP: 8/11
  8057 | Lair:1   | Reached skill level 11 in Polearms
  8155 | Lair:1   | Noticed a seven-headed hydra
  8163 | Lair:1   | Killed a seven-headed hydra
  8312 | Lair:1   | Reached ***** piety under Trog
  9040 | Lair:2   | Noticed a six-headed hydra
  9047 | Lair:2   | Killed a six-headed hydra
  9070 | Lair:2   | Found a frozen archway.
  9118 | Lair:2   | Received a gift from Trog
  9147 | IceCv    | Entered an ice cave
  9231 | IceCv    | Reached XP level 12. HP: 75/75 MP: 12/12
  9595 | IceCv    | Noticed a reaper
  9616 | IceCv    | Demolished by a reaper

Illustrated notes

Levels and vault maps discovered:
D:1:      lightli_arrival_windingriver, layout_basic,
          hellmonk_ecumenical_altar_crossroads
D:2:      minmay_evil_eye, layout_basic, serial_shops, shop
D:3:      layout_loops_cross
D:4:      layout_loops_cross
D:5:      layout_basic, temple_green, uniq_duvessa
D:6:      layout_layer_cave, kennysheep_doodads, minivault_25
D:7:      layout_loops_cross, grunt_potential
D:8:      layout_cave_pools, mainiacjoe_overflow_boulevard, erik_lair_dragon,
          uniq_harold
D:9:      layout_long_grid, serial_shops, shop
Lair:1:   layout_roguey, beast_lair_carwin_1, grunt_megastairs_2
Lair:2:   layout_gridlike, portal_ice_cave_entry_imps, serial_bayou_shore_a,
          lemuel_fruit_fields
IceCv:    ice_cave_small_demon

Skill      XL: |  1  2  3  4  5  6  7  8  9 10 11 12 |
---------------+-------------------------------------+-----
Polearms       | 1 2 3 4 6 8 9 10 11 | 11.6
Fighting       | 4 5 6 8 |  8.9
Dodging        | 2 3 4 |  4.2
Armour         | 3 4 5 6 |  6.6
Slings         | 1 4 6 7 8 |  8.1
Shields        | 1 2 3 |  3.4
Stealth        | 1 2 |  2.6
Maces & Flails | |  3.7

Action                   |  1- 3 |  4- 6 |  7- 9 | 10-12 || total
-------------------------+-------+-------+-------+-------++-------
Melee: Mace              |    68 |       |       |       ||    68
       Glaive            |    92 |    98 |   177 |   143 ||   510
       Halberd           |       |       |       |    21 ||    21
 Fire: Hunting sling     |       |       |    12 |       ||    12
       Fustibalus        |       |       |    61 |   194 ||   255
Invok: Berserk           |       |     2 |     1 |     4 ||     7
       Trog's Hand       |       |       |       |     2 ||     2
  Use: Scroll            |     8 |       |     7 |     6 ||    21
       Potion            |       |     2 |     1 |     5 ||     8
 Stab: Invisible         |       |       |       |     4 ||     4
Armor: Animal skin       |    33 |       |       |       ||    33
       Ring mail         |    66 |    59 |   137 |   148 ||   410
Dodge: Dodged            |   117 |    52 |   126 |   159 ||   454
Block: Other             |       |       |    41 |    33 ||    74

Table legend: (Time is in decaauts)
 A = Elapsed time spent in this place.
 B = Non-inter-level travel time spent in this place.
 C = Inter-level travel time spent in this place.
 D = Time resting spent in this place.
 E = Time spent auto-exploring this place.
 F = Levels seen in this place.
 G = Mean time per level.
                   A        B        C        D        E       F      G
               +--------+--------+--------+--------+--------+-----+--------+
         Total |   9933 |   9700 |    233 |    592 |   6655 |  12 |  827.8 |
       Dungeon |   8188 |   7967 |    221 |    431 |   5834 |   9 |  909.8 |
          Lair |   1269 |   1257 |     12 |     31 |    820 |   2 |  634.5 |
      Ice Cave |    475 |    475 |      0 |    130 |      0 |   1 |  475.0 |
               +--------+--------+--------+--------+--------+-----+--------+

Top non-repeatable levels by time:
     D:5: 1352 daAuts
     D:1: 1302 daAuts
     D:6: 1133 daAuts
     D:7: 1038 daAuts
  Lair:1: 921 daAuts
     D:8: 896 daAuts
     D:2: 894 daAuts
     D:3: 850 daAuts
     D:4: 638 daAuts
   IceCv: 475 daAuts
  Lair:2: 347 daAuts
     D:9: 80 daAuts
